 Dungeon Crawl Stone Soup version 0.26-a0-1107-g6118521029 (webtiles) character file.

Game seed: 13989730005927064181

319 tilp the Changer (level 6, 0/39 HPs)
             Began as an Octopode Transmuter on Dec 16, 2020.
             Was a Priest of Ru.
             Slain by a gnoll zombie (6 damage)
             ... in an ossuary.
             The game lasted 00:06:58 (4768 turns).

tilp the Changer (Octopode Transmuter)              Turns: 4768, Time: 00:06:59

Health: 0/39       AC:  1    Str:  9    XL:     6   Next: 46%
Magic:  7/9        EV: 13    Int: 17    God:    Ru [***...]
Gold:   198        SH:  0    Dex: 13    Spells: 3/9 levels left

rFire    . . .     SeeInvis .     - Unarmed
rCold    . . .     Faith    .   (helmet currently unavailable)
rNeg     . . .     Spirit   .   (no amulet)
rPois    .         Reflect  .   (no ring)
rElec    .         Harm     .   (no ring)
rCorr    .         Rampage  .   (no ring)
Will     .....                  (no ring)
Stlth    +++.......             (no ring)
HPRegen  0.13/turn              (no ring)
MPRegen  0.11/turn              (no ring)

@: lethally poisoned (0 -> -5), appendages (expiring), wereblooded, flying
A: almost no armour, stealthy swim, amphibious, 7 rings, constrict 7, tentacle
spike 3, camouflage 1, gelatinous body 1, missing a hand
a: End Transformation, Draw Out Power, Renounce Religion


You were in an ossuary.
You worshipped Ru.
Ru was most pleased with you.
One of your tentacles had a temporary spike.
You visited 1 branch of the dungeon, and saw 4 of its levels.
You also visited: Ossuary.

You collected 198 gold pieces.

Inventory:

Missiles
 f - 37 stones
 m - 14 poisoned darts (quivered)
 s - 6 silver boomerangs
Jewellery
 e - an uncursed amulet of guardian spirit {unknown}
Wands
 j - a wand of paralysis (11)
Scrolls
 c - a scroll of enchant armour
 d - a scroll of teleportation {unknown}
 n - a scroll of amnesia
 p - a scroll of remove curse {unknown}
 q - a scroll of immolation {unknown}
 r - a scroll of identify {unknown}
Potions
 a - 2 potions of degeneration {unknown}
 b - a potion of cancellation {unknown}
 g - a potion of curing {unknown}
 h - 2 potions of flight
 i - a potion of brilliance {unknown}
 k - a potion of lignification {unknown}
 l - a potion of mutation {unknown}
 o - a potion of attraction {unknown}


   Skills:
 - Level 2.0 Fighting
 - Level 2.0 Dodging
 - Level 4.0 Stealth
 - Level 3.0 Unarmed Combat
 + Level 2.0 Spellcasting
 + Level 4.0 Transmutations
 - Level 4.0 Evocations


You had 3 spell levels left.
You knew the following spells:

 Your Spells              Type           Power        Failure   Level
a - Beastly Appendage     Tmut           ###...       3%          1
b - Wereblood             Tmut           ###.....     5%          2
c - Spider Form           Tmut/Pois      #.........   26%         3

Your spell library contained the following spells:

 Spells                   Type           Power        Failure   Level
 Ice Form                 Ice/Tmut       #.......     63%         4
 Blade Hands              Tmut           ###.......   71%         5


Dungeon Overview and Level Annotations

Branches:
Dungeon (4/15)            Ossuary (1/1)
 Temple: D:4-7

Altars:
Nemelex Xobeh
Ru


Innate Abilities, Weirdness & Mutations

You cannot wear most types of armour.
You are very stealthy in the water. (Stealth+)
You are amphibious.
You can wear up to seven rings at the same time.
You can use your tentacles to constrict seven enemies at once.
Your skin changes colour to match your surroundings (Stealth+).
Your rubbery body absorbs attacks. (AC +1, EV +1)
You are missing a hand.
One of your tentacles bears a large vicious spike.


Message History

You tentacle-slap the scorpion.
Your tentacle spike misses the scorpion.
The scorpion is heavily wounded.
Your transformation is almost over.
You constrict the scorpion. The scorpion stings you! The gnoll zombie hits you.
* * * LOW HITPOINT WARNING * * *
Unknown command.
You tentacle-slap the scorpion but do no damage.
You pierce the scorpion.
The scorpion is severely wounded.
You constrict the scorpion.
You feel sick. The goblin zombie barely misses you. The scorpion stings you!
* * * LOW HITPOINT WARNING * * *
Unknown command.
It was a potion of flight.
You feel very buoyant.
You fly up into the air.
You constrict the scorpion.
You kill the scorpion!
The gnoll zombie hits you.
You die...

##########+##
#...#...#??!#
#...8...#!.!#
#......Z#M?!#
##8...8######
#......Z#^^^#
#...8..(@^^^#
#...#..Z#^^^#
##+#######'##
#...#...#
#...8...#
#.......#
##8...8##
#.......#
#...8...#


You could see a mummy, a goblin zombie and a gnoll zombie.

Vanquished Creatures
  2 scorpions (Ossuary)
  A centaur zombie (Ossuary)
  An orc priest (D:3)
  An orc wizard (D:3)
  4 gnolls (D:3)
  2 scorpion zombies (Ossuary)
  3 adders (D:2)
  2 dart slugs (D:1)
  4 leopard geckos
  7 orcs
  2 ball pythons
  A gnoll zombie (D:4)
  9 goblins
  6 hobgoblins
  5 jackals (D:3)
  3 quokkas
  7 bats
  5 frilled lizards
  A hobgoblin zombie (Ossuary)
  8 kobolds
  An orc zombie (Ossuary)
  12 rats
87 creatures vanquished.

Notes
Turn   | Place    | Note
-------+----------+-------------------------------------------
     0 | D:1      | tilp the Octopode Transmuter began the quest for the Orb.
     0 | D:1      | Reached XP level 1. HP: 13/13 MP: 3/3
   116 | D:1      | Reached XP level 2. HP: 18/18 MP: 3/5
   152 | D:1      | Learned a level 2 spell: Wereblood
   766 | D:1      | Reached XP level 3. HP: 23/23 MP: 4/6
  1946 | D:2      | Reached skill level 1 in Stealth
  1946 | D:2      | Reached XP level 4. HP: 13/28 MP: 7/7
  2406 | D:2      | Found a sacrificial altar of Ru.
  2414 | D:2      | Found a sparkling altar of Nemelex Xobeh.
  2422 | D:2      | Became a worshipper of Ru the Awakened
  2857 | D:3      | Reached skill level 1 in Evocations
  3156 | D:3      | Reached XP level 5. HP: 32/34 MP: 4/8
  3946 | D:3      | Gained mutation: You are missing a hand. [Ru sacrifice]
  3946 | D:3      | Reached * piety under Ru
  3946 | D:3      | Reached ** piety under Ru
  3946 | D:3      | Reached *** piety under Ru
  4344 | D:4      | Found a sand-covered staircase.
  4358 | Ossuary  | Entered an ossuary
  4407 | Ossuary  | Reached XP level 6. HP: 29/39 MP: 9/9
  4732 | Ossuary  | Learned a level 3 spell: Spider Form
  4768 | Ossuary  | Slain by a gnoll zombie

Illustrated notes

Levels and vault maps discovered:
D:1:      minmay_arrival_jagged, layout_loops_ring
D:2:      layout_loops_ring, old_standard_altar,
          nemelex_xobeh_ov_fountains_minmay
D:3:      layout_loops_cross, minmay_misc_feat_iff
D:4:      layout_loops_ring, enter_ossuary_3, uniq_eustachio, uniq_natasha
Ossuary:  ossuary_minmay_scorpions

Skill      XL: |  1  2  3  4  5  6 |
---------------+-------------------+-----
Transmutations | 3 4 |  4.0
Stealth        | 1 2 4 |  4.0
Evocations     | 1 2 4 |  4.0
Fighting       | 2 |  2.0
Dodging        | |  2.0
Unarmed Combat | |  3.0
Spellcasting   | |  2.0

Action                   |  1- 3 |  4- 6 || total
-------------------------+-------+-------++-------
Melee: Unarmed           |    71 |   126 ||   197
       Kick              |    22 |    36 ||    58
       Constrict         |    16 |    38 ||    54
       Tentacles         |    10 |    26 ||    36
       Punch             |     1 |     4 ||     5
Throw: Dart              |       |    11 ||    11
 Cast: Beastly Appendage |    24 |    31 ||    55
       Wereblood         |       |     6 ||     6
Invok: Sacrifice a Hand  |       |     1 ||     1
Evoke: Wand              |       |     1 ||     1
  Use: Scroll            |       |     2 ||     2
       Potion            |       |     1 ||     1
 Stab: Sleeping          |     5 |     6 ||    11
       Distracted        |       |     1 ||     1
       Paralysed         |       |     6 ||     6
Armor: Skin              |     2 |     7 ||     9
Dodge: Dodged            |    35 |    73 ||   108

Table legend: (Time is in decaauts)
 A = Elapsed time spent in this place.
 B = Non-inter-level travel time spent in this place.
 C = Inter-level travel time spent in this place.
 D = Time resting spent in this place.
 E = Time spent auto-exploring this place.
 F = Levels seen in this place.
 G = Mean time per level.
                   A        B        C        D        E       F      G
               +--------+--------+--------+--------+--------+-----+--------+
         Total |   4756 |   4670 |     86 |   2048 |   1970 |   5 |  951.2 |
       Dungeon |   4348 |   4262 |     86 |   1748 |   1965 |   4 | 1087.0 |
       Ossuary |    407 |    407 |      0 |    300 |      5 |   1 |  407.0 |
               +--------+--------+--------+--------+--------+-----+--------+

Top non-repeatable levels by time:
     D:2: 1710 daAuts
     D:3: 1489 daAuts
     D:1: 1101 daAuts
 Ossuary: 407 daAuts
     D:4: 46 daAuts
